 Dungeon Crawl Stone Soup version 0.17.1-1-g73c8601 (webtiles) character file.

3238 Opium the Covert (level 9, -2/69 HPs)
             Began as a Vampire Assassin on Dec 17, 2015.
             Was an Elder of Nemelex Xobeh.
             Slain by a killer bee (3 damage)
             ... on level 9 of the Dungeon on Dec 18, 2015.
             The game lasted 01:04:59 (17306 turns).

Opium the Covert (Vampire Assassin)                Turns: 17306, Time: 01:04:59

Health: -2/69      AC:  5    Str: 11    XL:     9   Next: 66%
Magic:  10/10      EV: 17    Int: 14    God:    Nemelex Xobeh [****..]
Gold:   180        SH:  0    Dex: 17    Spells: 0 memorised, 8 levels left

rFire  . . .     SeeInvis +     a - +4 dagger
rCold  + + .     Clarity  .     g - +1 robe of the Prince {rPois}
rNeg   + + +     SustAt   .     (no shield)
rPois  +         Gourm    .     (no helmet)
rElec  .         Spirit   .     d - +0 cloak
rCorr  .         Warding  .     (no gloves)
rMut   .         Stasis   .     z - +0 pair of boots
MR     .....                    (no amulet)
Stlth  ++++++....               (no ring)
                                (no ring)

@: lethally poisoned (-2 -> -14), regenerating slowly, not resistant to hostile
enchantments, very stealthy
A: fangs 3, see invisible, unbreathing
a: Bat Form, Triple Draw, Deal Four, Renounce Religion


You were on level 9 of the Dungeon.
You worshipped Nemelex Xobeh.
Nemelex Xobeh was greatly pleased with you.
You were near bloodless.

You visited 1 branch of the dungeon, and saw 9 of its levels.

You collected 340 gold pieces.
You spent 160 gold pieces at shops.

Inventory:

Hand Weapons
 a - a +4 dagger (weapon)
 b - a +0 blowgun
 n - a +1 dagger of speed
Missiles
 e - 6 poisoned needles
 m - 4 curare-tipped needles
 p - a tomahawk of returning
 t - 2 poisoned tomahawks (quivered)
Armour
 d - a +0 cloak (worn)
 f - a +2 robe of magic resistance
 g - the +1 robe of the Prince (worn) {rPois}
   (You found it on level 5 of the Dungeon)

   It protects you from poison.
 z - a +0 pair of boots (worn)
Jewellery
 q - an uncursed ring of protection from magic {unknown}
 y - an uncursed ring of flight {unknown}
Wands
 c - a wand of magic darts (22)
 h - a wand of slowing (17)
 r - a wand of paralysis (12)
 v - a wand of disintegration (9)
 B - a wand of fireball (6)
 E - a wand of confusion (24)
 H - a wand of digging (12)
Scrolls
 j - a scroll of amnesia
 x - a scroll of blinking
 C - a scroll of recharging
Potions
 i - 2 potions of brilliance
 k - a potion of blood
 w - a potion of cancellation
 F - a potion of haste {unknown}
Miscellaneous
 l - a plain deck of war
 o - a legendary deck of war {drawn: 2}
 s - an ornate deck of destruction {drawn: 1}
 u - an ornate deck of destruction {drawn: 3}
 A - a plain deck of war
 D - a plain deck of destruction
 G - a plain deck of war


   Skills:
 * Level 5.9 Fighting
 + Level 6.2 Short Blades
 + Level 4.6 Throwing
 + Level 0.7 Armour
 + Level 7.6 Dodging
 + Level 11.0 Stealth
 + Level 1.3 Evocations


You had 8 spell levels left.
You didn't know any spells.

Dungeon Overview and Level Annotations

Branches:
Dungeon (9/15)             Temple (0/1) D:5
   Lair: D:8-11         Orc: D:9-12

Altars:
Fedhas
Gozag
Kikubaaqudgha
Nemelex Xobeh
Okawaru
Ru
Xom
Yredelemnul
Zin

Shops:
D:4 !   D:5 [*   D:6 *

Annotations:
D:8 Dickchan's ghost, novice KoHu
D:9 Dickchan's ghost, journeyman KoHu


Innate Abilities, Weirdness & Mutations

You heal slowly.
You have razor-sharp teeth.
You have supernaturally acute eyesight.
You can survive without breathing.


Message History

* * * LOW HITPOINT WARNING * * *
You are more poisoned.
The killer bee poisons you!
* * * LOW HITPOINT WARNING * * *
You feel sick. The killer bee misses you.
The giant frog zombie completely misses you.
The killer bee closely misses you. The killer bee barely misses you.
Evoke which item? (* to show all) (? for menu, Esc to quit)
Okay, then.
Okay, then.
Quiver which item? (- for none, * to show all) (? for menu, Esc to quit)
Okay, then.
Drink which item? (? for menu, Esc to quit)
Okay, then.
Dickchan's ghost hits you.
* * * LOW HITPOINT WARNING * * *
The killer bee stings you.
You die...
Your body glows with a rainbow of weird colours and disappears.

................#
................#
.........g......#
.............)..#
.............)..#################
.............)................[..
...............S.................
#########.....SW†................
#.....Zy@................
#......h..........)......
#..................).....
#...............%........
..........................
##########################


You could see a water moccasin, a hound, a killer bee, Dickchan's ghost, an
adder, a giant frog zombie and a hobgoblin.

Vanquished Creatures
  Joseph (D:8)
  An ice beast (D:5)
  3 black bears
  An orc warrior (D:6)
  A sky beast (D:8)
  The ghost of grizfap the Skirmisher, an amateur DrBe of Trog (D:4)
  4 ogres
  2 phantoms
  3 centaurs
  A giant frog (D:8)
  3 scorpions
  3 killer bees (D:8)
  A centaur skeleton (D:7)
  2 crimson imps
  2 jellies (D:5)
  Crazy Yiuf (D:6)
  An orc priest (D:6)
  10 orc wizards
  2 hounds
  2 iguanas
  5 worker ants
  2 hound skeletons
  2 worker ant zombies
  11 adders
  4 gnolls (D:7)
  5 shadow imps
  5 worms
  6 giant geckos
  26 orcs
  6 giant cockroaches
  2 gnoll zombies (D:6)
  15 hobgoblins
  3 jackals
  10 kobolds
  3 ball pythons
  A ball python skeleton (D:5)
  5 bats
  A giant gecko skeleton (D:4)
  5 giant newts
  11 goblins
  7 quokkas
  A quokka zombie (D:6)
  14 rats
195 creatures vanquished.

Vanquished Creatures (collateral kills)
  An orc warrior (D:9)
  An ice beast (D:9)
  An orc wizard (D:6)
  3 orcs (D:9)
  4 jackals (D:9)
10 creatures vanquished.

Grand Total: 205 creatures vanquished

Notes
Turn   | Place    | Note
--------------------------------------------------------------
     0 | D:1      | Opium the Vampire Assassin began the quest for the Orb.
     0 | D:1      | Reached XP level 1. HP: 16/16 MP: 1/1
    43 | D:1      | Reached skill level 6 in Stealth
   353 | D:1      | Reached XP level 2. HP: 12/22 MP: 2/2
  1100 | D:1      | Reached XP level 3. HP: 27/27 MP: 3/3
  3796 | D:2      | Reached skill level 7 in Stealth
  3807 | D:2      | Found a sparkling altar of Nemelex Xobeh.
  3979 | D:2      | Became a worshipper of Nemelex Xobeh the Trickster
  4001 | D:2      | Received a gift from Nemelex Xobeh
  4201 | D:2      | Reached XP level 4. HP: 29/33 MP: 4/4
  5730 | D:3      | Reached XP level 5. HP: 39/39 MP: 5/5
  5806 | D:3      | Found an ancient bone altar of Kikubaaqudgha.
  5819 | D:3      | Reached * piety under Nemelex Xobeh
  6257 | D:3      | Noticed an ogre
  6272 | D:3      | Killed an ogre
  6343 | D:3      | Received a gift from Nemelex Xobeh
  7075 | D:4      | Found Norghata's Distillery.
  7091 | D:4      | Bought 2 potions of heal wounds for 140 gold pieces
  7168 | D:4      | Reached XP level 6. HP: 38/47 MP: 6/6
  7575 | D:4      | Reached skill level 8 in Stealth
  8269 | D:4      | Noticed grizfap's ghost (amateur DrBe)
  8598 | D:4      | Killed grizfap's ghost
  9085 | D:4      | Reached ** piety under Nemelex Xobeh
 10247 | D:5      | Entered Level 5 of the Dungeon
 10257 | D:5      | Received a gift from Nemelex Xobeh
 10261 | D:5      | Found a sacrificial altar of Ru.
 10318 | D:5      | Reached XP level 7. HP: 45/53 MP: 7/7
 10354 | D:5      | Found an iron altar of Okawaru.
 10502 | D:5      | Got a transparent robe
 10513 | D:5      | Identified the cursed +1 robe of the Prince {rPois} (You found it on level 5 of the Dungeon)
 10944 | D:5      | Found Kumok's Antique Armour Shoppe.
 10952 | D:5      | Bought an embroidered robe for 20 gold pieces
 11016 | D:5      | Found an opulent altar of Gozag.
 11029 | D:5      | Found Gozag's Platinum Reserve.
 11118 | D:5      | Found a blossoming altar of Fedhas.
 11339 | D:5      | Found a staircase to the Ecumenical Temple.
 11342 | D:5      | Received a gift from Nemelex Xobeh
 11372 | D:5      | Reached skill level 5 in Dodging
 11372 | D:5      | Reached XP level 8. HP: 51/60 MP: 8/8
 12053 | D:5      | Reached skill level 9 in Stealth
 12097 | D:6      | Reached skill level 5 in Short Blades
 12099 | D:6      | Noticed a green ugly thing
 12987 | D:6      | Received a gift from Nemelex Xobeh
 13402 | D:6      | Reached *** piety under Nemelex Xobeh
 13418 | D:6      | Reached skill level 5 in Fighting
 13418 | D:6      | Reached skill level 1 in Evocations
 14068 | D:6      | Found a basalt altar of Yredelemnul.
 14177 | D:6      | Reached XP level 9. HP: 65/68 MP: 9/9
 14286 | D:6      | Found Zin's Purification Station.
 14286 | D:6      | Found a glowing silver altar of Zin.
 14287 | D:6      | Received a gift from Nemelex Xobeh
 14517 | D:6      | Noticed Crazy Yiuf
 14523 | D:6      | Killed Crazy Yiuf
 14729 | D:7      | Found a shimmering altar of Xom.
 14786 | D:7      | Received a gift from Nemelex Xobeh
 14953 | D:7      | Reached skill level 10 in Stealth
 15405 | D:8      | Reached **** piety under Nemelex Xobeh
 15407 | D:8      | Noticed Dickchan's ghost (novice KoHu)
 15415 | D:8      | Noticed Joseph
 15477 | D:8      | Killed Joseph
 16372 | D:9      | Received a gift from Nemelex Xobeh
 16952 | D:9      | Noticed Dickchan's ghost (journeyman KoHu)
 17261 | D:9      | Reached skill level 11 in Stealth
 17306 | D:9      | HP: 1/69 [Dickchan's ghost (4)]
 17306 | D:9      | Slain by a killer bee

Action                   |  1- 3 |  4- 6 |  7- 9 || total
-------------------------+-------+-------+-------++-------
Melee: Dagger            |   161 |   276 |   458 ||   895
 Fire: Blowgun           |     2 |     3 |    11 ||    16
Throw: Tomahawk          |     3 |    21 |    51 ||    75
 Abil: End Transformatio |       |       |     2 ||     2
       Bat Form          |       |       |     2 ||     2
Evoke: Deck              |       |     3 |     9 ||    12
       Wand              |       |       |     1 ||     1
  Use: Scroll            |     4 |     8 |     4 ||    16
       Potion            |     4 |     9 |    12 ||    25
 Stab: Sleeping          |     7 |    15 |    17 ||    39
       Distracted        |     1 |       |     2 ||     3
       Invisible         |       |     1 |       ||     1
  Eat: Corpse            |     1 |     2 |       ||     3
